 Dungeon Crawl Stone Soup version 0.20-a0-957-g47ad1fd (webtiles) character file.

56 tself55 the Insei (level 3, 0/18 HPs)
             Began as a Vine Stalker Transmuter on Apr 5, 2017.
             Succumbed to an adder's poison
             ... on level 2 of the Dungeon.
             The game lasted 00:02:04 (1676 turns).

tself55 the Insei (Vine Stalker Transmuter)         Turns: 1676, Time: 00:02:04

Health: 0/18       AC:  4    Str: 12    XL:     3   Next: 97%
Magic:  5/7        EV: 11    Int: 19    God:
Gold:   82         SH:  0    Dex: 14    Spells: 3/6 levels left

rFire    . . .     SeeInvis .     - Unarmed
rCold    . . .     Gourm    .   (no shield)
rNeg     . . .     Faith    .   e - +0 leather armour
rPois    .         Spirit   +   (no helmet)
rElec    .         Reflect  .   (no cloak)
rCorr    .         Harm     .   g - +0 pair of gloves
MR       .....                  (boots currently unavailable)
Stlth    +.........             (no amulet)
Regen    0.1/turn               (no ring)
MPRegen  0.1/turn               (no ring)

@: brilliant, lethally poisoned (0 -> -6), appendage (expiring)
A: fangs 2, talons 3, magic shield, antimagic bite, no potion heal 3, rot
immunity
a: End Transformation


You were on level 2 of the Dungeon.
You were not hungry.
You had grown temporary talons.
You visited 1 branch of the dungeon, and saw 2 of its levels.

You collected 82 gold pieces.

Inventory:

Missiles
 a - 11 arrows (quivered)
Armour
 b - a +0 robe
 e - a +0 leather armour (worn)
 g - a +0 pair of gloves (worn)
Scrolls
 f - a scroll of fear {unknown}
 h - a scroll of remove curse {unknown}
 l - a scroll of enchant armour {unknown}
 p - a scroll of amnesia {unknown}
Potions
 m - a potion of cancellation {unknown}
 n - a potion of heal wounds {unknown}
Books
 c - a book of Changes

   Spells                             Type                      Level
   a - Beastly Appendage              Transmutation                1
   b - Sticks to Snakes               Transmutation                2
   c - Spider Form                    Transmutation/Poison         3
   d - Ice Form                       Ice/Transmutation            4
   e - Blade Hands                    Transmutation                5
Comestibles
 d - 2 bread rations
 i - 2 fruits
 j - 5 chunks of flesh


   Skills:
 + Level 1.4 Fighting
 - Level 1.5 Dodging
 * Level 4.1 Unarmed Combat
 - Level 2.1 Spellcasting
 + Level 2.5 Transmutations


You had 3 spell levels left.
You knew the following spells:

 Your Spells              Type           Power        Failure   Level  Hunger
a - Beastly Appendage     Tmut           ###...       1%          1    #......
b - Sticks to Snakes      Tmut           ###.....     1%          2    ##.....


Dungeon Overview and Level Annotations

Branches:
Dungeon (2/15)

Altars:
Trog
Yredelemnul


Innate Abilities, Weirdness & Mutations

You have extremely sharp teeth.
When hurt, damage is shared between your health and your magic reserves.
Your bite disrupts and absorbs the magic of your enemies.
Potions cannot restore your health.
You are immune to rotting.
You have claws for feet.


Message History

* * * LOW HITPOINT WARNING * * *
You are too injured to fight recklessly!
You are too injured to fight recklessly!
You closely miss the adder. Your bite misses the adder.
The adder is moderately wounded.
* * * LOW HITPOINT WARNING * * *
You feel sick. The adder bites you but does no damage.
You hit the adder. You bite the adder. You drain its power.
You feel invigorated.
You kill the adder!
It was a potion of brilliance.
You feel clever all of a sudden.
* * * LOW HITPOINT WARNING * * *
You feel sick.
* * * LOW HITPOINT WARNING * * *
You feel sick.
* * * LOW HITPOINT WARNING * * *
You feel sick.
Your transformation is almost over.
You die...

.#######.(...# #........#
...'_'...)†..#####.....##
.###+###.)...##......###
.# #. #...####....###
.###.###.........###
.................#
##.##............#
#......##........#
..##..###.......@#
.##..##..........#
....###.#........#####
##......#..###.##....#
##...####..#
#.##....##..# ###.## ...#
#.##......P.#
###.####.#.# #.
#.....P♣.. .......## .#
##.#P..♣ ........# ..
..#..♣♣


There were no monsters in sight!

Vanquished Creatures
  2 adders (D:2)
  An ooze (D:1)
  A worm (D:2)
  A dart slug (D:1)
  A leopard gecko (D:1)
  7 bats
  3 giant cockroaches
  A goblin (D:1)
  4 hobgoblins
  A ball python (D:1)
  A frilled lizard (D:1)
  3 kobolds
  5 rats
31 creatures vanquished.

Notes
Turn   | Place    | Note
-------+----------+-------------------------------------------
     0 | D:1      | tself55 the Vine Stalker Transmuter began the quest for the Orb.
     0 | D:1      | Reached XP level 1. HP: 9/9 MP: 4/4
    37 | D:1      | Reached skill level 1 in Fighting
   321 | D:1      | Reached XP level 2. HP: 13/14 MP: 4/6
   330 | D:1      | Learned a level 2 spell: Sticks to Snakes
   807 | D:1      | Reached XP level 3. HP: 11/18 MP: 5/7
  1424 | D:2      | Found a basalt altar of Yredelemnul.
  1457 | D:2      | Reached skill level 4 in Unarmed Combat
  1545 | D:2      | Noticed a moth of wrath
  1548 | D:2      | Found a bloodstained altar of Trog.
  1676 | D:2      | Succumbed to an adder's poison

Vault maps used:
D:1:      dpeg_arrival_arbitrary_b, serial_bayou_pond_c, grunt_decor_arrowhead
D:2:      lemuel_doored_altar, tgw_trog, nicolae_overflow_hidden_temple,
          serial_forest, infiniplex_forest_clump_double,
          infiniplex_forest_clump_large, infiniplex_forest_corner_1,
          infiniplex_forest_clump_curved, infiniplex_forest_clump_double,
          infiniplex_forest_lined_3_way, infiniplex_forest_lined_corner,
          infiniplex_forest_clump_small

Skill      XL: |  1  2  3 |
---------------+----------+-----
Fighting       | 1 |  1.4
Unarmed Combat | 4 |  4.1
Dodging        | |  1.5
Spellcasting   | |  2.1
Transmutations | |  2.5

Action                   || total
-------------------------++-------
Melee: Unarmed           ||   112
       Bite              ||    21
       Kick              ||    13
       Headbutt          ||     2
 Cast: Beastly Appendage ||    16
       Sticks to Snakes  ||     1
  Use: Potion            ||     2
  Eat: Chunk             ||     3
Armor: Leather armour    ||    32
Dodge: Dodged            ||    59
